 Dungeon Crawl Stone Soup version 0.28-a0-662-g1651b1f1e0 (webtiles) character file.

Game seed: 12592695790333503309

30 ytrimaz the Sneak (level 3, -4/24 HPs)
             Began as an Octopode Brigand on Oct 15, 2021.
             Slain by an orc priest (8 damage)
             ... on level 2 of the Dungeon.
             The game lasted 00:01:38 (1597 turns).

ytrimaz the Sneak (Octopode Brigand)                Turns: 1597, Time: 00:01:38

Health: -4/24      AC:  1    Str: 10    XL:     3   Next: 20%
Magic:  3/3        EV: 12    Int: 13    God:
Gold:   18         SH:  0    Dex: 14    Spells: 2/2 levels left

rFire   . . .      SeeInvis .   a - +2 dagger
rCold   . . .      Faith    .   (no shield)
rNeg    . . .      Spirit   .   (helmet restricted)
rPois   .          Reflect  .   (no amulet)
rElec   .          Harm     .   (no ring)
rCorr   .          Rampage  .   (no ring)
Will    .....                   (no ring)
Stlth   ++++......              (no ring)
HPRegen 0.08/turn               (no ring)
MPRegen 0.08/turn               (no ring)
                                (no ring)
                                (no ring)

@: no status effects
A: almost no armour, amphibious, 8 rings, camouflage 1, gelatinous body 1,
(nimble swimmer 1), tentacles
a: no special abilities


You were on level 2 of the Dungeon.
You visited 1 branch of the dungeon, and saw 2 of its levels.

You collected 18 gold pieces.

Inventory:

Hand Weapons
 a - a +2 dagger (weapon)
Missiles
 b - 3 poisoned darts (quivered)
 c - 2 curare-tipped darts
Scrolls
 f - a scroll of amnesia
Potions
 d - a potion of resistance {unknown}
 e - a potion of curing {unknown}
 g - a potion of ambrosia {unknown}


   Skills:
 + Level 2.0 Fighting
 + Level 2.4 Short Blades
 * Level 2.1 Throwing
 - Level 1.0 Dodging
 * Level 6.4 Stealth


You had 2 spell levels left.
You didn't know any spells.
Your spell library contained the following spells:

 Spells                   Type           Power      Damage    Failure   Level
 Summon Lightning Spire   Summ/Air       0%         N/A       97%         4
 Storm Form               Tmut/Air       0%         N/A       100%        7
 Maxwell's Capacitive Co  Air            0%         ∞         100%        8


Dungeon Overview and Level Annotations

Branches:
Dungeon (2/15)

Altars:
Elyvilon


Innate Abilities, Weirdness & Mutations

You cannot wear most types of armour.
You are amphibious.
You can wear up to eight rings at the same time.
Your skin changes colour to match your surroundings (Stealth+).
Your rubbery body absorbs attacks. (AC +1, EV +1)
((You are camouflaged near water. (Stealth+)))
You have tentacles for arms and can constrict up to eight enemies at once.


Message History

The orc priest barely misses you.
You hit the orc priest. You grab the orc priest.
The orc priest is lightly wounded.
You constrict the orc priest, but do no damage.
The orc priest hits you with a +1 flail of protection.
A bat comes into view.
You barely miss the orc priest.
The orc priest is lightly wounded.
You constrict the orc priest, but do no damage.
An orc wizard comes into view. It is wielding a +0 dagger.
The orc priest hits you with a +1 flail of protection!
You are too injured to fight recklessly!
You are too injured to fight recklessly!
You hit the orc priest but do no damage.
You squeeze the orc priest.
The orc priest is heavily wounded.
You constrict the orc priest, but do no damage.
The orc barely misses you.
You hit the orc priest but do no damage.
The orc priest is heavily wounded.
You constrict the orc priest. The orc priest closely misses you.
The bat misses you. The orc hits you with a +0 dagger.
The orc wizard mumbles some strange words.
The orc wizard flickers and vanishes!
Deactivating autopickup; reactivate with Ctrl-A.
You hit the orc priest.
The orc priest is severely wounded.
You constrict the orc priest, but do no damage.
The bat barely misses you. The bat completely misses you.
The orc priest hits you with a +1 flail of protection.
* * * LOW HITPOINT WARNING * * *
An orc comes into view. It is wielding a +0 mace.
The orc hits you with a +0 dagger.
* * * LOW HITPOINT WARNING * * *
You hit the orc priest but do no damage.
You squeeze the orc priest, but do no damage.
The orc priest is severely wounded.
You constrict the orc priest. The bat barely misses you.
The orc priest hits you with a +1 flail of protection!
You die...

#..............####.##......#
#.........#########.##......#
##
#.........######....##......#
.#
#...)......##.....###########
.# #................##
.###........#.#....##
.##...#######...#.## .<..###
#####....### .####
##......@o..#
...######...[..bo..)##
.#.....##.......(....######
..####......##(#####.##...##
................####..>....##
..............o....##.......#
....##...........#.##.......#
#...........(......##.......#
................#.)....o...##


You could see an orc priest (poisoned), 2 orcs and a bat.

Vanquished Creatures
  A dart slug (D:1)
  3 orcs (D:2)
  A ball python (D:1)
  3 bats
  3 endoplasms
  3 goblins
  A hobgoblin (D:2)
  A quokka (D:1)
  A frilled lizard (D:1)
  2 kobolds
  3 rats (D:1)
22 creatures vanquished.

Notes
Turn   | Place    | Note
-------+----------+-------------------------------------------
     0 | D:1      | ytrimaz the Octopode Brigand began the quest for the Orb.
     0 | D:1      | Reached XP level 1. HP: 14/14 MP: 1/1
   360 | D:1      | Reached XP level 2. HP: 19/19 MP: 2/2
   395 | D:1      | Reached skill level 6 in Stealth
  1104 | D:2      | Found a white marble altar of Elyvilon.
  1259 | D:2      | Reached XP level 3. HP: 18/24 MP: 3/3
  1597 | D:2      | Slain by an orc priest

Illustrated notes

Levels and vault maps discovered:
D:1:      dpeg_arrival_lava_temple_mockup, layout_loops_corners, serial_glass,
          glass_columns_c, glass_columns_c, glass_columns_b
D:2:      cheibrodos_pilgrimage, layout_rooms, basic_altar, minmay_misc_feat_x

Skill      XL: |  1  2 |
---------------+-------+-----
Stealth        | 6 |  6.4
Fighting       | |  2.0
Short Blades   | |  2.4
Throwing       | |  2.1
Dodging        | |  1.0

Action                   || total
-------------------------++-------
Melee: Dagger            ||    45
       Constrict         ||     6
       Tentacles         ||     6
Throw: Dart              ||    10
  Use: Scroll            ||     1
 Stab: Sleeping          ||    10
Armor: Skin              ||     4
Dodge: Dodged            ||    20

Table legend: (Time is in decaauts)
 A = Elapsed time spent in this place.
 B = Non-inter-level travel time spent in this place.
 C = Inter-level travel time spent in this place.
 D = Time resting spent in this place.
 E = Time spent auto-exploring this place.
 F = Levels seen in this place.
 G = Mean time per level.
                   A        B        C        D        E       F      G
               +--------+--------+--------+--------+--------+-----+--------+
         Total |   1590 |   1528 |     62 |    244 |   1024 |   2 |  795.0 |
       Dungeon |   1590 |   1528 |     62 |    244 |   1024 |   2 |  795.0 |
               +--------+--------+--------+--------+--------+-----+--------+

Top non-repeatable levels by time:
     D:1: 1091 daAuts
     D:2: 499 daAuts
